 Dungeon Crawl Stone Soup version 0.26-a0-667-g92642533e4 (webtiles) character file.

Game seed: 648078206006491265

4775 Murumi the Fighter (level 10, -4/110 HPs)
             Began as an Ogre Conjurer on Oct 17, 2020.
             Was a Believer of Okawaru.
             Killed from afar by a gnoll (6 damage)
             ... with a bolt of acid
             ... on level 8 of the Dungeon.
             The game lasted 00:40:28 (13831 turns).

Murumi the Fighter (Ogre Conjurer)                 Turns: 13831, Time: 00:40:28

Health: -4/110     AC: 10    Str: 16    XL:     10   Next: 47%
Magic:  8/14       EV: 24    Int: 19    God:    Okawaru [**....]
Gold:   382        SH:  0    Dex:  7    Spells: 12/15 levels left

rFire    + + .     SeeInvis .     - Unarmed
rCold    + + .     Faith    .   (shield currently unavailable)
rNeg     + + +     Spirit   .   (armour currently unavailable)
rPois    ∞         Reflect  .   (helmet currently unavailable)
rElec    +         Harm     .   (cloak currently unavailable)
rCorr    +         Rampage  .   (gloves unavailable)
MR       +....                  (boots unavailable)
Stlth    +++.......             (amulet currently unavailable)
HPRegen  0.28/turn              (ring currently unavailable)
MPRegen  0.14/turn              (ring currently unavailable)

@: lethally poisoned (-4 -> -4), wisp-form, heroism, flying, quick
A: tiny, unfitting armour
a: Heroism, Renounce Religion


You were on level 8 of the Dungeon.
You worshipped Okawaru.
Okawaru was pleased with you.
You were an insubstantial wisp.
You visited 2 branches of the dungeon, and saw 9 of its levels.

You collected 547 gold pieces.
You spent 165 gold pieces at shops.

Inventory:

Hand Weapons
 w - a +3 whip of pain (melded)
Missiles
 b - 16 poisoned darts
 f - 136 stones (quivered)
 r - 10 boomerangs
 t - 2 javelins
Armour
 a - a +1 robe (melded)
Jewellery
 i - a ring of positive energy (melded)
 x - an amulet of magic regeneration (melded)
 C - a ring of wizardry (melded)
Wands
 u - a wand of acid (7)
 A - a wand of random effects (15)
 B - a wand of flame (14)
 D - a wand of polymorph (8)
Scrolls
 h - 4 scrolls of teleportation
 l - a scroll of magic mapping
 n - 6 scrolls of remove curse
 y - a scroll of enchant armour
Potions
 c - a potion of berserk rage
 d - a potion of stabbing
 e - a potion of magic {unknown}
 g - a potion of mutation {unknown}
 j - 2 potions of might
 k - 3 potions of curing
 m - a potion of lignification
 o - a potion of degeneration {unknown}
 p - a potion of brilliance {unknown}
 q - 2 potions of cancellation
 s - a potion of flight {unknown}
 v - 3 potions of heal wounds
 z - a potion of haste {unknown}


   Skills:
 + Level 10.1(15.1) Fighting
 - Level 6.0(11.0) Maces & Flails
 - Level 7.0(12.0) Throwing
 - Level 6.0(11.0) Dodging
 - Level 2.0(7.0) Stealth
 - Level 3.0 Spellcasting
 - Level 4.0 Conjurations
 - Level 4.0 Invocations
 - Level 2.0 Evocations


You had 12 spell levels left.
You knew the following spells:

 Your Spells              Type           Power        Failure   Level
a - Magic Dart            Conj           ###.         3%          1
b - Searing Ray           Conj           ###...       4%          2

Your spell library contained the following spells:

 Spells                   Type           Power        Failure   Level
 Animate Skeleton         Necr           #.....       16%         1
 Apportation              Tloc           #.....       16%         1
 Corona                   Hex            #......      16%         1
 Summon Small Mammal      Summ           #...         16%         1
 Dazzling Flash           Conj/Hex       ##....       21%         3
 Ensorcelled Hibernation  Hex/Ice        #.....       22%         2
 Confusing Touch          Hex            #.......     41%         3
 Tukima's Dance           Hex            #.......     41%         3
 Fulminant Prism          Conj/Hex       ##........   54%         4
 Iskenderun's Mystic Bla  Conj/Tloc      ##......     54%         4


Dungeon Overview and Level Annotations

Branches:
Dungeon (8/15)             Temple (1/1) D:7
   Lair: D:8-11

Altars:
Ashenzari
Cheibriados
Dithmenos
Elyvilon
Fedhas
Gozag
Hepliaklqana
Kikubaaqudgha
Makhleb
Okawaru
Qazlal
Ru
Sif Muna
Trog
Uskayaw
Vehumet
Wu Jian
Xom
Yredelemnul
Zin
The Shining One
Lugonu

Shops:
D:2 *   D:5 ((*}

Annotations:
D:2 dig
D:8 Dig, anet's ghost, novice DECj


Innate Abilities, Weirdness & Mutations

You are too large for most types of armour.
((You have tough skin. (AC +1)))


Message History

Okawaru accepts your kill.
* * * LOW HITPOINT WARNING * * *
You feel very sick.
The gnoll zaps a wand.
You turn into an insubstantial wisp.
Your +3 whip of pain melds into your body.
Your +1 robe melds into your body.
Your ring of positive energy melds into your body.
Your ring of wizardry melds into your body.
Your amulet of magic regeneration melds into your body.
Items here: )) [ ††.
The gnoll sergeant completely misses you.
The gnoll completely misses you.
There is a transporter here.
You enter the transporter and appear at another place.
The gnoll sergeant barely misses you.
The gnoll sergeant hits you from afar with a +0 spear.
* * * LOW HITPOINT WARNING * * *
The gnoll misses you.
The gnoll zaps a wand.
The bolt of acid hits you. You resist.
You die...

...................≈≈.##.#####.##
............#......≈≈..#.#8⌠8#.#.
............#......≈≈.©#.'.©.'.#©
........#...#.#.#..≈≈..#.#...#.#.
...#..........###..≈≈g##.##.##g##
...#....###÷..##...≈≈g#g)#...#gg#
##.#.........###...≈≈.##)#⌠.⌠#g##
..#..........####..≈≈..#.#...#.#.
.##....####.....v..≈≈###.##'##.##
.......#..#.....#..≈≈#.....g....W
.#..._.#.(#.##..#..≈≈#8.###.###.8
.......#..#.##.....≈≈#..#8###8#.W
##.....####........≈≈####.....###
##.................≈≈≈≈≈≈≈≈≈≈≈≈≈≈
.......)...........≈≈≈≈≈≈≈≈≈≈≈≈≈≈
......###).......................
......# #.........##.##..####...#


You could see a gnoll sergeant, a +0 dagger (wandering) and 2 gnolls.

Vanquished Creatures
  2 two-headed ogres (D:8)
  Grinder (D:5)
  3 orc warriors (D:7)
  Duvessa (D:6)
  2 sky beasts
  2 ice beasts
  3 black bears
  An ogre (D:7)
  5 centaurs
  A gnoll sergeant (D:8)
  A bullfrog (D:8)
  Dowan (D:6)
  A scorpion (D:7)
  7 killer bees
  3 howler monkeys
  A lava snake (D:8)
  3 bullfrog zombies
  2 bullfrog skeletons
  4 hounds (D:8)
  2 jellies (D:7)
  2 orc priests
  An orc wizard (D:7)
  Jessica (D:3)
  2 centaur skeletons
  2 iguanas (D:7)
  8 worker ants
  A killer bee zombie (D:7)
  7 gnolls
  12 adders
  A shadow imp (D:8)
  2 white imps
  2 ufetubi (D:5)
  2 adder skeletons
  An adder zombie (D:5)
  A worm (D:6)
  8 leopard geckos
  18 orcs
  A ball python (D:1)
  9 giant cockroaches
  6 goblins
  5 hobgoblins
  7 jackals
  2 quokkas
  18 bats
  2 frilled lizards
  7 kobolds
  2 leopard gecko zombies
  11 rats
187 creatures vanquished.

Vanquished Creatures (others)
  6 plants (D:8)
6 creatures vanquished.

Grand Total: 193 creatures vanquished

Notes
Turn   | Place    | Note
-------+----------+-------------------------------------------
     0 | D:1      | Murumi the Ogre Conjurer began the quest for the Orb.
     0 | D:1      | Reached XP level 1. HP: 16/16 MP: 3/3
   268 | D:1      | Reached XP level 2. HP: 24/24 MP: 4/6
   275 | D:1      | Learned a level 2 spell: Searing Ray
  1216 | D:2      | Reached XP level 3. HP: 27/31 MP: 2/7
  1561 | D:2      | Reached skill level 1 in Fighting
  1573 | D:2      | Found a broken altar of Ashenzari.
  1573 | D:2      | Found an ornate altar of the Wu Jian Council.
  1579 | D:2      | Found a faded altar of an unknown god.
  1581 | D:2      | Found a faded altar of an unknown god.
  1582 | D:2      | Found a shimmering altar of Xom.
  1670 | D:2      | Found a glowing silver altar of Zin.
  1704 | D:2      | Reached skill level 1 in Throwing
  1786 | D:2      | Reached XP level 4. HP: 42/42 MP: 4/8
  1787 | D:2      | Found Gozag's Platinum Reserve.
  1787 | D:2      | Found an opulent altar of Gozag.
  1833 | D:2      | Reached skill level 2 in Fighting
  2750 | D:3      | Noticed a centaur
  2757 | D:3      | Killed a centaur
  2757 | D:3      | Reached skill level 1 in Maces & Flails
  2757 | D:3      | Reached skill level 3 in Fighting
  2757 | D:3      | Reached XP level 5. HP: 52/53 MP: 4/9
  2933 | D:3      | Reached skill level 4 in Fighting
  2934 | D:3      | Reached XP level 6. HP: 45/63 MP: 6/10
  2935 | D:3      | Reached skill level 5 in Fighting
  3349 | D:3      | Noticed Jessica
  3353 | D:3      | Killed Jessica
  3353 | D:3      | Reached skill level 6 in Fighting
  3353 | D:3      | Reached XP level 7. HP: 72/75 MP: 8/11
  5301 | D:4      | Found an ancient bone altar of Kikubaaqudgha.
  5590 | D:4      | Found a glowing golden altar of the Shining One.
  5896 | D:5      | Entered Level 5 of the Dungeon
  5944 | D:5      | Reached skill level 1 in Evocations
  6271 | D:5      | Found a radiant altar of Vehumet.
  6748 | D:5      | Reached skill level 7 in Fighting
  6748 | D:5      | Reached XP level 8. HP: 78/87 MP: 4/12
  6825 | D:5      | Found Maylo's Gadget Boutique.
  6904 | D:5      | Found Okkapaach's Weapon Boutique.
  6988 | D:5      | Found Sypnetol's Assorted Antiques.
  6988 | D:5      | Noticed Grinder
  6988 | D:5      | Paralysed by Grinder for 7 turns
  7001 | D:5      | Paralysed by Grinder for 4 turns
  7011 | D:5      | Killed Grinder
  7011 | D:5      | Reached skill level 8 in Fighting
  7591 | D:5      | Found Dedoez's Antique Weapon Emporium.
  7611 | D:5      | Bought a runed whip for 165 gold pieces
  8093 | D:6      | Noticed Dowan
  8095 | D:6      | Noticed Duvessa
  8108 | D:6      | Killed Duvessa
  8122 | D:6      | Killed Dowan
  8122 | D:6      | Reached skill level 5 in Throwing
  8623 | D:6      | Reached XP level 9. HP: 83/97 MP: 6/13
  9262 | D:7      | Reached skill level 9 in Fighting
  9415 | D:7      | Found a stormy altar of Qazlal.
  9608 | D:7      | Found a burning altar of Makhleb.
  9709 | D:7      | Found a staircase to the Ecumenical Temple.
  9715 | Temple   | Entered the Ecumenical Temple
  9775 | Temple   | Became a worshipper of Warmaster Okawaru
 10014 | D:7      | Reached skill level 5 in Maces & Flails
 10014 | D:7      | Reached skill level 1 in Invocations
 10376 | D:7      | Found a stormy altar of Qazlal.
 10687 | D:7      | Reached * piety under Okawaru
 10867 | D:7      | Reached skill level 5 in Dodging
 12134 | D:8      | Noticed a two-headed ogre
 12366 | D:8      | Killed a two-headed ogre
 12366 | D:8      | Reached ** piety under Okawaru
 12366 | D:8      | Reached skill level 10 in Fighting
 12366 | D:8      | Reached XP level 10. HP: 59/110 MP: 14/14
 12861 | D:8      | Found a hide-covered altar of Uskayaw.
 12862 | D:8      | Noticed a +0 dagger
 12863 | D:8      | Noticed a +0 dagger
 12869 | D:8      | Noticed a two-headed ogre
 12909 | D:8      | Killed a two-headed ogre
 13329 | D:8      | Found a transporter.
 13330 | D:8      | Identified the +10 trident of Fortitude {chaos, +Rage +Inv
                  | rElec rC++}
 13550 | D:8      | Found a white marble altar of Elyvilon.
 13641 | D:8      | Found a transporter.
 13651 | D:8      | Noticed anet's ghost (novice DECj)
 13653 | D:8      | Identified the ring of the Invisible Hand {rN+ EV+4}
 13821 | D:8      | HP: 4/110 [poisoned by a gnoll sergeant]
 13826 | D:8      | HP: 1/110 [gnoll sergeant/+0 spear (4)]
 13831 | D:8      | Killed from afar by a gnoll

Illustrated notes

Levels and vault maps discovered:
D:1:      lightli_arrival_maybe_door_vault, layout_loops_corners
D:2:      layout_basic, nicolae_gozag_zags_fifth_avenue, zin_treasury,
          chequers_temple_overflow_minitemple, mrwooster_statue_mirror
D:3:      layout_basic, uniq_jessica
D:4:      layout_basic, nicolae_tso_carved_into_rock,
          nicolae_overflow_hidden_temple, roderic_batcave
D:5:      layout_gridville, fiery_altar_vehumet, serial_shops, shop,
          nicolae_shop_waterfront, nicolae_shop_overgrown_old_shop,
          nicolae_shop_waterfront, kennysheep_generic_room_2, uniq_grinder
D:6:      layout_cave_pods, uniq_duvessa
D:7:      minmay_chambers_of_fours, layout_layer_cave, lemuel_doored_altar,
          old_standard_altar, minmay_temple_entry_slanted,
          nicolae_qazlal_general_emergency
D:8:      layout_cave_pools, dancing_weapons_uskayaw,
          lemuel_coloured_pillars_altar, gammafunk_ghost_gnarly_gnolls,
          kennysheep_doodads
Temple:   corrupted_temple

Skill      XL: |  1  2  3  4  5  6  7  8  9 10 |
---------------+-------------------------------+-----
Dodging        | 2 3 4 5 6 |  6.0
Spellcasting   | 3 |  3.0
Conjurations   | 4 |  4.0
Stealth        | 2 |  2.0
Fighting       | 1 3 4 6 7 8 10 | 10.1
Throwing       | 1 2 3 4 5 7 |  7.0
Maces & Flails | 1 2 3 4 5 6 |  6.0
Evocations     | 1 2 |  2.0
Invocations    | 4 |  4.0

Action                   |  1- 3 |  4- 6 |  7- 9 | 10-12 || total
-------------------------+-------+-------+-------+-------++-------
Melee: Club              |     7 |       |       |       ||     7
       Mace              |       |    16 |     6 |       ||    22
       Whip              |       |       |   284 |    45 ||   329
Throw: Stone             |       |     4 |   184 |    10 ||   198
       Dart              |       |       |    40 |    13 ||    53
       Javelin           |       |       |     2 |       ||     2
       Boomerang         |       |       |       |     3 ||     3
 Cast: Magic Dart        |    55 |    22 |    23 |       ||   100
       Searing Ray       |     4 |     7 |    57 |     6 ||    74
Invok: Heroism           |       |       |     1 |     2 ||     3
Evoke: Wand              |       |       |     1 |       ||     1
  Use: Scroll            |     4 |     3 |     7 |       ||    14
       Potion            |       |     1 |       |       ||     1
 Stab: Sleeping          |       |     1 |     1 |     1 ||     3
Armor: Robe              |     4 |     9 |   106 |    10 ||   129
       Skin              |       |    28 |       |       ||    28
Dodge: Dodged            |     4 |    19 |   223 |    31 ||   277

Table legend: (Time is in decaauts)
 A = Elapsed time spent in this place.
 B = Non-inter-level travel time spent in this place.
 C = Inter-level travel time spent in this place.
 D = Time resting spent in this place.
 E = Time spent auto-exploring this place.
 F = Levels seen in this place.
 G = Mean time per level.
                   A        B        C        D        E       F      G
               +--------+--------+--------+--------+--------+-----+--------+
         Total |  13773 |  12593 |   1180 |    370 |  10790 |   9 | 1530.3 |
       Dungeon |  13701 |  12541 |   1160 |    370 |  10740 |   8 | 1712.6 |
        Temple |     71 |     51 |     20 |      0 |     50 |   1 |   71.0 |
               +--------+--------+--------+--------+--------+-----+--------+

Top non-repeatable levels by time:
     D:7: 2803 daAuts
     D:5: 2018 daAuts
     D:3: 1703 daAuts
     D:2: 1674 daAuts
     D:8: 1652 daAuts
     D:4: 1444 daAuts
     D:6: 1282 daAuts
     D:1: 1122 daAuts
  Temple: 71 daAuts
